 Dungeon Crawl Stone Soup version 0.28-a0-811-g00180f5fcc (webtiles) character file.

Game seed: 12121824973646700264

490 Decritt the Cudgeller (level 7, -7/44 HPs)
             Began as a Gargoyle Fighter on Nov 8, 2021.
             Killed by divine providence
             ... invoked by a smoke demon
             ... summoned by a glowing orange brain
              (14 damage)
             ... on level 1 of the Abyss.
             The game lasted 00:08:54 (5306 turns).

Decritt the Cudgeller (Gargoyle Fighter)            Turns: 5306, Time: 00:08:55

Health: -7/44      AC: 15    Str: 21      XL:     7   Next: 14%
Magic:  7/7        EV:  7    Int:  6 (9)  God:
Gold:   103        SH:  8    Dex:  9      Spells: 6/6 levels left

rFire   + . .      SeeInvis .   B - +2 mace (venom)
rCold   + . .      Faith    .   t - +0 kite shield
rNeg    + . .      Spirit   .   b - +0 scale mail
rPois   ∞          Reflect  .   x - +1 helmet
rElec   +          Harm     .   j - scarf {rC+ rF+}
rCorr   .          Rampage  .   u - +0 pair of gloves
Will    .....      Rnd*Tele +   (no boots)
Stlth   ..........              (no amulet)
HPRegen 0.14/turn               (no ring)
MPRegen 0.10/turn               (no ring)

@: no status effects
A: sickness immunity, AC +4, negative energy resistance 1, electricity
resistance, torment resistance 1, petrification resistance, [deterioration 2],
[teleportitis 2]
a: no special abilities


You were on level 1 of the Abyss.
You visited 1 branch of the dungeon, and saw 4 of its levels.
You visited the Abyss 1 time.

You collected 103 gold pieces.

Inventory:

Hand Weapons
 a - a +0 flail
 B - a +2 mace of venom (weapon)
Missiles
 m - a throwing net (quivered)
Armour
 b - a +0 scale mail (worn)
 c - a +0 buckler
 j - a scarf of resistance (worn)
 t - a +0 kite shield (worn)
 u - a +0 pair of gloves (worn)
 x - a +1 helmet (worn)
Jewellery
 e - a ring of fire
 g - a ring of fire
Wands
 A - a wand of iceblast (4)
Scrolls
 f - 4 scrolls of identify {unknown}
 i - 2 scrolls of enchant armour {unknown}
 r - 2 scrolls of teleportation {unknown}
 v - a scroll of blinking {unknown}
 w - a scroll of fear {unknown}
 y - a scroll of noise {unknown}
 z - 3 scrolls of fog {unknown}
 C - a scroll of amnesia {unknown}
 D - a scroll of magic mapping {unknown}
Potions
 d - 2 potions of might
 h - 10 potions of curing {unknown}
 k - a potion of lignification {unknown}
 l - a potion of ambrosia {unknown}
 n - 2 potions of berserk rage {unknown}
 o - 2 potions of mutation {unknown}
 p - a potion of degeneration {unknown}
 q - a potion of brilliance {unknown}
 s - a potion of invisibility {unknown}
 E - a potion of resistance {unknown}


   Skills:
 + Level 4.8 Fighting
 * Level 5.1 Maces & Flails
 + Level 2.2 Throwing
 + Level 4.2 Armour
 + Level 4.1 Shields


You had 6 spell levels left.
You didn't know any spells.
Your spell library contained the following spells:

 Spells                   Type           Power      Damage    Failure   Level
 Ozocubu's Armour         Ice            0%         N/A       100%        3
 Metabolic Englaciation   Hex/Ice        0%         N/A       100%        5
 Simulacrum               Ice/Necr       0%         N/A       100%        6


Dungeon Overview and Level Annotations

Branches:
Dungeon (4/15)
 Temple: D:4-7

Altars:
Cheibriados
Elyvilon
Nemelex Xobeh
Yredelemnul
The Shining One

Shops:
D:1 ?

Annotations:
D:4 Crazy Yiuf


Innate Abilities, Weirdness & Mutations

You are immune to sickness and miasma.
Your stone body is resilient. (AC +4)
You are immune to poison.
You resist negative energy. (rN+)
You are resistant to electric shocks. (rElec)
You are resistant to unholy torment.
You are immune to petrification.
[Your body often deteriorates upon taking damage.]
[You are sometimes teleported next to monsters.]


Message History

A glowing orange brain comes into view.
An apocalypse crab comes into view.
The green death gestures at you.
The bolt of poison hits you but does no damage.
You resist.
The glowing orange brain pulsates ominously.
The glowing orange brain pulsates.
You feel dopey. Something feeds on your intellect!
The glowing orange brain blinks!
A wretched star comes into view.
The wretched star glows turbulently.
The lance of force hits you but does no damage.
The glowing orange brain pulsates.
Something tries to feed on your intellect!
The wretched star glows turbulently.
You block the lance of force.
The wretched star pulses with an eldritch light!
You feel yourself wasting away.
You feel your body start to fall apart.
The glowing orange brain pulsates.
A large abomination comes into view.
The glowing orange brain blinks!
Unknown command.
The large abomination closely misses you.
The wretched star glows turbulently.
The lance of force hits you!
* * * LOW HITPOINT WARNING * * *
You are knocked back by the lance of force.
You slam into the stone wall!
* * * LOW HITPOINT WARNING * * *
An orange demon comes into view.
Unknown command.
Unknown command.
The orange demon screeches!
You hear a roar!
The wretched star pulses with an eldritch light!
You feel weirdly uncertain.
You feel even more weirdly uncertain.
Unknown command.
The smoke demon gestures at you. Something smites you!
You die...

## #.##G. .##..#
#.##..#...#
#.#.2...*#.#
...#...##.#.# .
..##..#...### .
.#...#..3..# .
#.....#..###...#
#.....##X...#
.##..@##....#
#.#.# #...# ..
... ..## ##
#.### ... .. .4#
### .#.


You could see a wretched star, a large abomination and a smoke demon (summoned).

Vanquished Creatures
  An ogre (D:4)
  A phantom (D:4)
  2 water moccasin skeletons (D:4)
  A hound (D:2)
  A centaur skeleton (D:4)
  An iguana (D:3)
  2 hound skeletons (D:4)
  Robin (D:4)
  An ufetubus (D:3)
  3 worms
  2 dart slugs
  4 orcs
  4 ball pythons
  4 bats
  12 endoplasms
  5 giant cockroaches
  14 goblins
  6 hobgoblins
  6 jackals
  A kobold (D:4)
  4 quokkas
  3 frilled lizards (D:2)
  5 rats
84 creatures vanquished.

Notes
Turn   | Place    | Note
-------+----------+-------------------------------------------
     0 | D:1      | Decritt the Gargoyle Fighter began the quest for the Orb.
     0 | D:1      | Reached XP level 1. HP: 14/14 MP: 1/1
   213 | D:1      | Found Ciod's Magic Scroll Shop.
   325 | D:1      | Reached XP level 2. HP: 16/19 MP: 2/2
  1069 | D:1      | Reached skill level 3 in Maces & Flails
  1083 | D:1      | Reached XP level 3. HP: 24/24 MP: 3/3
  1124 | D:1      | Found a faded altar of an unknown god.
  2203 | D:2      | Reached XP level 4. HP: 29/29 MP: 4/4
  2478 | D:3      | Found a white marble altar of Elyvilon.
  2481 | D:3      | Found a sparkling altar of Nemelex Xobeh.
  2486 | D:3      | Found a snail-covered altar of Cheibriados.
  2542 | D:3      | Found a basalt altar of Yredelemnul.
  2832 | D:3      | Reached skill level 1 in Throwing
  3455 | D:4      | Reached skill level 4 in Maces & Flails
  3455 | D:4      | Reached XP level 5. HP: 29/33 MP: 5/5
  3863 | D:4      | Reached XP level 6. HP: 34/39 MP: 6/6
  3939 | D:4      | Found a glowing golden altar of the Shining One.
  3946 | D:4      | Noticed Robin
  4323 | D:4      | Killed Robin
  4507 | D:4      | Reached skill level 5 in Maces & Flails
  4507 | D:4      | Reached XP level 7. HP: 26/44 MP: 7/7
  5215 | D:4      | Found a runed translucent door.
  5216 | D:4      | Noticed Crazy Yiuf
  5222 | D:4      | Cast into level 1 of the Abyss (Crazy Yiuf)
  5272 | Abyss:1  | Noticed an ancient zyme
  5274 | Abyss:1  | Noticed a green death
  5276 | Abyss:1  | Noticed a glowing orange brain
  5277 | Abyss:1  | Noticed an apocalypse crab
  5290 | Abyss:1  | Noticed a wretched star
  5302 | Abyss:1  | Noticed a large abomination
  5303 | Abyss:1  | Noticed a smoke demon
  5304 | Abyss:1  | Noticed an orange demon
  5306 | Abyss:1  | Killed from afar by a smoke demon

Illustrated notes

Levels and vault maps discovered:
D:1:      dpeg_arrival_simpleton_a, layout_basic, serial_shops, shop_statue,
          hellmonk_ecumenical_altar_blasted, minmay_heptomino_o4
D:2:      layout_loops_ring
D:3:      layout_basic, mainiacjoe_overflow_tiny_flanked,
          grunt_temple_overflow_diamond, uniq_terence
D:4:      layout_basic, old_standard_altar, uniq_robin, uniq_crazy_yiuf_cottage
Abyss:1:  base:
Temple

Skill      XL: |  1  2  3  4  5  6 |
---------------+-------------------+-----
Maces & Flails | 3 4 5 |  5.1
Fighting       | 4 |  4.8
Throwing       | 1 2 |  2.2
Armour         | 4 |  4.2
Shields        | 4 |  4.1

Action                   |  1- 3 |  4- 6 |  7- 9 || total
-------------------------+-------+-------+-------++-------
Melee: Flail             |   102 |   148 |    24 ||   274
       Mace              |       |       |    10 ||    10
Throw: Boomerang         |    24 |    28 |       ||    52
Evoke: Wand              |       |     3 |       ||     3
Armor: Scale mail        |    68 |   128 |    33 ||   229
Dodge: Dodged            |    47 |    74 |    23 ||   144
Block: Buckler           |    20 |     1 |       ||    21
       Kite shield       |       |    69 |    33 ||   102

Table legend: (Time is in decaauts)
 A = Elapsed time spent in this place.
 B = Non-inter-level travel time spent in this place.
 C = Inter-level travel time spent in this place.
 D = Time resting spent in this place.
 E = Time spent auto-exploring this place.
 F = Levels seen in this place.
 G = Mean time per level.
                   A        B        C        D        E       F      G
               +--------+--------+--------+--------+--------+-----+--------+
         Total |   5416 |   5375 |     41 |    727 |   3702 |   5 | 1083.2 |
       Dungeon |   5332 |   5291 |     41 |    727 |   3702 |   4 | 1333.0 |
         Abyss |     84 |     84 |      0 |      0 |      0 |   1 |   84.0 |
               +--------+--------+--------+--------+--------+-----+--------+

Top non-repeatable levels by time:
     D:3: 1554 daAuts
     D:1: 1473 daAuts
     D:4: 1301 daAuts
     D:2: 1002 daAuts
 Abyss:1: 84 daAuts
